 Dungeon Crawl Stone Soup version 0.30-a0-986-g7f2e898f52 (webtiles) character file.

Game seed: 5770808608238715296

798 Sobieck the Shooter (level 7, -1/50 HPs)
             Began as a Mummy Hunter on Apr 1, 2023.
             Was an Initiate of Fedhas.
             Slain by Pikel
             ... wielding a +2 whip of freezing
              (2 damage)
             ... on level 5 of the Dungeon.
             The game lasted 00:06:53 (3451 turns).

Sobieck the Shooter (Mummy Hunter)                  Turns: 3451, Time: 00:06:54

Health: -1/50      AC:  4    Str: 15    XL:     7   Next: 58%
Magic:  16/16      EV: 12    Int:  8    God:    Fedhas [......]
Gold:   166        SH:  0    Dex: 17    Spells: 6/6 levels left

rFire   x . .      SeeInvis .    a - +0 shortbow {bow}
rCold   + . .      Faith    +    (shield currently unavailable)
rNeg    + + +      Spirit   .    c - +0 leather armour
rPois   ∞          Reflect  .    (no helmet)
rElec   .          Rampage  .    (no cloak)
rCorr   .                        g - +0 pair of gloves
Will    .....                    (no boots)
Stlth   ++                       (no amulet)
HPRegen 0.28/turn                f - ring of magical power
MPRegen 0.15/turn                (no ring)

@: about to teleport
A: cold resistance 1, negative energy resistance 3, torment resistance 2, heat
vulnerability 1, in touch with death 1, no potions, faith
a: Renounce Religion


You were on level 5 of the Dungeon.
You worshipped Fedhas.
Fedhas was noncommittal.
You visited 1 branch of the dungeon, and saw 6 of its levels.

You collected 166 gold pieces.


Innate Abilities, Weirdness & Mutations

You are immune to poison.
Your flesh is cold resistant. (rC+)
You are immune to negative energy. (rN+++)
You are immune to unholy pain and torment.
You are vulnerable to heat. (rF-)
You are in touch with the powers of death.
You do not drink.
You have a special connection with the divine. (Faith)


   Skills:
 - Level 2.0 Fighting
 * Level 7.9 Ranged Weapons
 - Level 1.5 Dodging
 - Level 0.7 Stealth


You had 6 spell levels left.
You didn't know any spells.
Your spell library contained the following spells:

 Spells                   Type           Power      Damage    Failure   Level
 Cigotuvi's Dreadful Rot  Necr/Pois/Air  0%         N/A       63%         2
 Ozocubu's Armour         Ice            0%         N/A       85%         3
 Dispel Undead            Necr           0%         3d6       99%         4
 Death Channel            Necr           0%         N/A       100%        6
 Ozocubu's Refrigeration  Ice            0%         4d7       100%        7

Inventory:

Hand Weapons
 a - a +0 shortbow (weapon) {bow}
 D - a +0 scythe of venom {polearm}
   (You took it off Sigmund on level 4 of the Dungeon)
Missiles
 h - 55 stones {throwing}
 p - 4 boomerangs {throwing}
 u - 9 poisoned darts {throwing}
Armour
 c - a +0 leather armour (worn)
 g - a +0 pair of gloves (worn)
   (You found it on level 1 of the Dungeon)
 j - a +0 leather armour
   (You found it on level 1 of the Dungeon)
 k - a +0 leather armour
   (You found it on level 1 of the Dungeon)
 l - a +0 ring mail
   (You found it on level 2 of the Dungeon)
 n - a +0 plate armour
   (You found it on level 2 of the Dungeon)
 o - a +0 ring mail
   (You found it on level 2 of the Dungeon)
 q - a +0 pair of boots
   (You found it on level 3 of the Dungeon)
 t - a +0 robe
   (You found it on level 3 of the Dungeon)
 w - a +0 robe
   (You took it off an orc wizard on level 2 of the Dungeon)
 x - a +0 scale mail
   (You took it off an orc on level 3 of the Dungeon)
 y - a +0 chain mail
   (You took it off an orc on level 3 of the Dungeon)
 z - a +0 leather armour
   (You took it off an orc on level 3 of the Dungeon)
 A - a +0 chain mail
   (You took it off an orc priest on level 3 of the Dungeon)
 B - a +0 chain mail
   (You took it off an orc on level 4 of the Dungeon)
 C - a +0 robe
   (You took it off a hobgoblin on level 4 of the Dungeon)
 E - a +0 robe
   (You took it off Sigmund on level 4 of the Dungeon)
Magical Staves
 i - a staff of poison {!astaff}
   (You found it on level 1 of the Dungeon)
 r - a staff of fire {!astaff}
   (You found it on level 3 of the Dungeon)
Jewellery
 d - a ring of willpower
   (You found it on level 4 of the Dungeon)
 f - a ring of magical power (left hand)
   (You found it on level 1 of the Dungeon)
Scrolls
 b - 2 scrolls of immolation {!r!r}
 m - a scroll of brand weapon {unknown}
 s - a scroll of identify {unknown}
 v - a scroll of fear {unknown}
 F - a scroll of amnesia {unknown}

Dungeon Overview and Level Annotations

Branches:
Dungeon (6/15) Zot: 26835
 Temple: D:4-7

Altars:
Cheibriados
Dithmenos
Fedhas
Gozag
Ru
Uskayaw
Wu Jian

Annotations:
D:5 Pikel
D:6 1 runed translucent door

#........# ...f?..
#........##K....[.
#.................
#........##.....$.
#.....55.# ###.###
######5### # #5#
#K# #@# #.# ##..
##.##....#
###.........
#....#######
####.##.##
#........#
#......#.#
#......#.#


You could see Pikel and 4 lemures.


Message History

You shoot an arrow.
The arrow hits the black bear but does no damage.
The black bear closely misses you. The black bear claws you.
* * * LOW HITPOINT WARNING * * *
The black bear closely misses you.
Fire: a) +0 shortbow {bow}
Press: ? - help, Q - select action, (/) - cycle Shift-Dir - straight line, f/p - black bear
Aim: a black bear (severely wounded, 71% to hit)
You shoot an arrow. The arrow hits the black bear.
The black bear closely misses you.
The black bear claws you but does no damage.
The black bear claws you.
* * * LOW HITPOINT WARNING * * *
Fire: a) +0 shortbow {bow}
Press: ? - help, Q - select action, (/) - cycle Shift-Dir - straight line, f/p - black bear
Aim: a black bear (almost dead, 71% to hit)
You shoot an arrow. The arrow hits the black bear.
You kill the black bear!
Fedhas appreciates your contribution to the ecosystem.
Fire: a) +0 shortbow {bow}
Press: ? - help, Q - select action, (/) - cycle Shift-Dir - straight line, f - you
Okay, then.
There is a stone staircase leading down here.
You start resting.
Unknown command.
You climb downwards.
You hear the hiss of flowing sand.
There is an entrance to an ossuary on this level.
Hurry and find it before the portal is buried!
Level annotation: 1 runed translucent door You hear the hiss of a very distant avalanche of sand.
There is a stone staircase leading up here.
Unknown command.
Unknown command.
Unknown command.
You climb upwards.
There is a stone staircase leading down here.
Unknown command.
Unknown command.
You now have 166 gold pieces (gained 11).
A quokka comes into view.
The quokka moves out of view.
You see here a +0 flail {mace}.
Unknown command.
Unknown command.
Found 16 gold pieces and a ring mail.
Found an escape hatch in the floor.
Unknown command.
No target in view!
Unknown command.
Pikel and 4 lemures come into view.
Pikel is wielding a +2 whip of freezing.
The lemure shouts! x4; Pikel shouts!
Danger!
You see here a +0 flail {mace}.
The quokka attacks as you move away! The quokka barely misses you.
You shoot an arrow. The arrow hits the quokka.
The quokka bites you. The quokka misses you.
You shoot an arrow. The arrow barely misses the quokka.
The quokka bites you.
You shoot an arrow.
The arrow hits the quokka but does no damage.
The quokka bites you but does no damage.
You shoot an arrow. The arrow hits the quokka!
You kill the quokka!
Fedhas appreciates your contribution to the ecosystem.
You shoot an arrow. The arrow hits Pikel.
Pikel closely misses you.
You shoot an arrow. The arrow barely misses Pikel.
The arrow hits the lemure!
Pikel hits you but does no damage.
You shoot an arrow.
The arrow hits Pikel but does no damage.
Pikel hits you with a +2 whip of freezing!
Pikel freezes you.
You shoot an arrow.
The arrow hits Pikel but does no damage.
Pikel hits you with a +2 whip of freezing!
Pikel freezes you.
You are too injured to fight recklessly!
You are too injured to fight recklessly!
Unknown command.
Fire: a) +0 shortbow {bow}
Press: ? - help, Q - select action, (/) - cycle Shift-Dir - straight line, f/p - Pikel
Aim: Pikel, wielding a +2 whip of freezing and wearing a +0 robe (lightly wounded, 58% to hit)
You shoot an arrow.
The arrow hits Pikel but does no damage.
Pikel waves his whip at you.
Pikel hits you with a +2 whip of freezing!
* * * LOW HITPOINT WARNING * * *
Pikel freezes you.
* * * LOW HITPOINT WARNING * * *
Pikel hits you with a +2 whip of freezing.
* * * LOW HITPOINT WARNING * * *
Pikel freezes you.
* * * LOW HITPOINT WARNING * * *
Unknown command.
As you read the scroll labelled HUGIKU GAJIKHI, it crumbles to dust.
You feel strangely unstable.
It was a scroll of teleportation.
Pikel hits you with a +2 whip of freezing!
* * * LOW HITPOINT WARNING * * *
Pikel freezes you.
You die...
Fedhas appreciates your contribution to the ecosystem.

Skill      XL: |  1  2  3  4  5  6 |
---------------+-------------------+-----
Ranged Weapons | 4 5 6 7 |  7.9
Fighting       | |  2.0
Dodging        | |  1.5
Stealth        | |  0.7

Action                     |  1- 3 |  4- 6 |  7- 9 || total
---------------------------+-------+-------+-------++-------
   Fire: Shortbow          |   111 |   163 |    46 ||   320
    Use: Scroll            |       |     1 |     1 ||     2
 Armour: Leather armour    |    21 |    31 |    12 ||    64
  Dodge: Dodged            |    40 |    49 |    20 ||   109

Levels and vault maps discovered:
D:1:      lemuel_arrival_broad_hall, layout_basic, ebering_ecumenical_altar_box,
          hex_intersection
D:2:      layout_basic
D:3:      layout_rooms, chei_slow_surprise, mainiacjoe_overflow_boulevard,
          nicolae_ru_the_path_less_chosen, kennysheep_big_empty_room
D:4:      layout_basic, mainiacjoe_overflow_catwalk, marbit_many_paths,
          lemuel_crystal_altar, uniq_sigmund, uniq_grinder
D:5:      layout_rooms, nicolae_overflow_hidden_temple, fiery_altar_vehumet,
          minmay_temple_entry_statues_fountains, uniq_pikel
D:6:      layout_basic, kennysheep_mini, nicolae_qazlal_style_of_elements,
          dk_yredelemnul_ordeal, nicolae_ossuary_entry_catacombs,
          chequers_serial_rivers_large_b, nicolae_elevator_lobby_plus

Notes
Turn   | Place    | Note
-------+----------+-------------------------------------------
     0 | D:1      | Sobieck the Mummy Hunter began the quest for the Orb.
     0 | D:1      | Reached XP level 1. HP: 16/16 MP: 1/1
   127 | D:1      | Found a faded altar of an unknown god.
   130 | D:1      | You add the spells Ozocubu's Armour and Ozocubu's
                  | Refrigeration to your library.
   141 | D:1      | Reached XP level 2. HP: 22/22 MP: 2/2
   504 | D:1      | Reached skill level 4 in Ranged Weapons
   848 | D:2      | Gained mutation: You are in touch with the powers of death.
                  | [Mummy growth]
   848 | D:2      | Reached XP level 3. HP: 27/27 MP: 3/3
  1513 | D:3      | Reached XP level 4. HP: 28/33 MP: 4/4
  1655 | D:3      | Found an ornate altar of the Wu Jian Council.
  1666 | D:3      | You pick up a book of Decay and begin reading...
  1666 | D:3      | You add the spells Cigotuvi's Dreadful Rot, Dispel Undead
                  | and Death Channel to your library.
  1924 | D:3      | Found a sacrificial altar of Ru.
  2002 | D:3      | HP: 7/33 [orc/+0 flail (8)]
  2004 | D:3      | HP: 2/33 [orc/+0 flail (6)]
  2011 | D:2      | HP: 3/33 [orc/+0 flail (1)]
  2210 | D:2      | Reached skill level 5 in Ranged Weapons
  2278 | D:2      | HP: 2/33 [something/puff of flame (9)]
  2283 | D:2      | Reached XP level 5. HP: 4/38 MP: 5/5
  2588 | D:3      | Found a snail-covered altar of Cheibriados.
  2665 | D:4      | Noticed Sigmund
  2733 | D:4      | Noticed Grinder
  2788 | D:4      | Found a shadowy altar of Dithmenos.
  2804 | D:4      | Found a blossoming altar of Fedhas.
  2827 | D:4      | Reached skill level 6 in Ranged Weapons
  2830 | D:4      | Became a worshipper of Fedhas Madash
  2836 | D:4      | Reached XP level 6. HP: 35/44 MP: 6/6
  2996 | D:4      | Killed Grinder
  2997 | D:4      | Reached skill level 7 in Ranged Weapons
  2997 | D:4      | Reached XP level 7. HP: 48/50 MP: 7/7
  3183 | D:4      | Killed Sigmund
  3223 | D:4      | You fall into a shaft and drop 2 floors!
  3224 | D:6      | Found a runed translucent door.
  3224 | D:6      | Noticed a human
  3291 | D:5      | Entered Level 5 of the Dungeon
  3291 | D:5      | Found an opulent altar of Gozag.
  3291 | D:5      | Found a hide-covered altar of Uskayaw.
  3434 | D:5      | Noticed Pikel
  3450 | D:5      | HP: 12/50 [Pikel/+2 whip of freezing (1)]
  3451 | D:5      | HP: 1/50 [Pikel/+2 whip of freezing (11)]
  3451 | D:5      | Slain by Pikel

Vanquished Creatures
  Grinder (D:4)
  Sigmund (D:4)
  A black bear (D:5)
  A howler monkey (D:4)
  A hound (D:4)
  2 orc priests
  An iguana (D:4)
  An orc wizard (D:2)
  4 adders
  2 worms
  2 dart slugs
  13 orcs
  11 bats
  3 endoplasms
  2 giant cockroaches
  7 goblins
  8 hobgoblins
  4 jackals (D:2)
  9 kobolds
  6 quokkas
  7 ball pythons
  A frilled lizard (D:2)
  5 rats
93 creatures vanquished.

Table legend:
 A = Non-vault XP
 B = Vault XP
 C = Vault XP percentage of total XP
 D = Non-vault monster count
 E = Vault monster count
 F = Vault count percentage of total count
                 A         B        C        D         E       F
            +---------+---------+-------+---------+---------+-------
      Total |     594 |     547 |  47.9 |      90 |       3 |   3.2
            +---------+---------+-------+---------+---------+-------
        D:1 |      36 |       0 |   0.0 |      23 |       0 |   0.0
        D:2 |     132 |       0 |   0.0 |      23 |       0 |   0.0
        D:3 |     106 |       5 |   4.5 |      25 |       1 |   3.8
        D:4 |     190 |     542 |  74.0 |      17 |       2 |  10.5
        D:5 |     130 |       0 |   0.0 |       2 |       0 |   0.0
            +---------+---------+-------+---------+---------+-------

Illustrated notes

Table legend:
 A = Kills in this place as a percentage of kills in the entire game.
 B = Kills by you in this place as a percentage of kills by you in the entire game.
 C = Kills by friends in this place as a percentage of kills by friends in the entire game.
 D = Other kills in this place as a percentage of other kills in the entire game.
 E = Experience gained in this place as a percentage of experience gained in the entire game.
 F = Experience gained in this place divided by the number of levels of this place that you have seen.
                   A       B       C       D       E      F
               +-------+-------+-------+-------+-------+----------------------
         Total | 100.0 | 100.0 |   N/A |   N/A | 100.0 | 190.2
       Dungeon | 100.0 | 100.0 |   N/A |   N/A | 100.0 | 190.2
               +-------+-------+-------+-------+-------+----------------------

Table legend: (Time is in decaauts)
 A = Elapsed time spent in this place.
 B = Non-inter-level travel time spent in this place.
 C = Inter-level travel time spent in this place.
 D = Time resting spent in this place.
 E = Time spent auto-exploring this place.
 F = Levels seen in this place.
 G = Mean time per level.
                   A        B        C        D        E       F      G
               +--------+--------+--------+--------+--------+-----+--------+
         Total |   3547 |   3271 |    276 |    584 |   1887 |   6 |  591.2 |
       Dungeon |   3547 |   3271 |    276 |    584 |   1887 |   6 |  591.2 |
               +--------+--------+--------+--------+--------+-----+--------+

Top non-repeatable levels by time:
     D:2: 1159 daAuts
     D:3: 1058 daAuts
     D:1: 761 daAuts
     D:4: 336 daAuts
     D:5: 161 daAuts
     D:6: 69 daAuts
